 Dungeon Crawl Stone Soup version 0.31-a0-200-gbc41564c69 (webtiles) character file.

Game seed: 14329063561916628623

13064 MacCMillion the Transmogrifier (level 11, -1/112 HPs)
             Began as a Pale Draconian Transmuter on June 26, 2023.
             Was a High Priest of Wu Jian.
             Slain by a reaper
             ... wielding a +2 scythe of freezing
              (13 damage)
             ... in an ice cave.
             The game lasted 00:41:59 (16569 turns).

MacCMillion the Transmogrifier (DrTm)              Turns: 16569, Time: 00:41:59

Health: -1/112     AC: 10    Str: 21    XL:     11   Next: 70%
Magic:  12/14      EV: 12    Int: 16    God:    Wu Jian [*****.]
Gold:   690        SH:  5    Dex: 11    Spells: 7/14 levels left

rFire   x x          .
                       - Unarmed
rCold   + + +        (shield currently unavailable)
rNeg    . . .        (body armour unavailable)
rPois   +            (helmet currently unavailable)
rElec   .            y - melded +0 cloak
rCorr   .            c - melded +2 pair of gloves
SInv    .            w - melded +0 pair of boots
Will    .....        q - amulet of reflection
Stlth   +            k - +6 ring of strength
HPRegen 0.38/turn    i - ring of ice
MPRegen 0.14/turn

%: reflection
@: about to teleport, ice-form
A: freezing attack, amphibious, boosted hp, (breathe steam), AC +7, large,
unfitting armour, (cold-blooded), (steam resistance)
a: End Transformation, Renounce Religion, Wall Jump, Serpent's Lash, Heavenly
Storm


You were in an ice cave.
You worshipped Wu Jian.
Wu Jian was extremely pleased with you.
You were a creature of crystalline ice.
You visited 2 branches of the dungeon, and saw 12 of its levels.
You also visited: Ossuary and Ice Cave.

You collected 720 gold pieces.
You spent 30 gold pieces at shops.

Inventory:

Missiles
 g - 27 poisoned darts
 x - 6 boomerangs
 D - 3 boomerangs of dispersal
 G - 4 atropa-tipped darts
Armour
 c - a +2 pair of gloves (melded)
 w - a +0 pair of boots (melded)
 y - a +0 cloak (melded)
 Q - an orb of energy
Jewellery
 i - a ring of ice (right front paw)
 j - a +6 ring of dexterity
 k - a +6 ring of strength (left front paw)
 q - an amulet of reflection (around neck)
 r - an amulet of guardian spirit
 t - a +5 ring of evasion
 H - the ring "Sarchyniz" {rF+ rC++}
   (You found it on level 8 of the Dungeon)

   [ring of protection from fire]

   rF:        It protects you from fire.
   rC:        It greatly protects you from cold.
 L - a ring of wizardry
 O - a ring of protection from cold
Wands
 u - a wand of light (2)
 v - a wand of flame (67)
 A - a wand of iceblast (8)
 C - a wand of charming (15)
 E - a wand of mindburst (16)
Scrolls
 d - 3 scrolls of noise
 h - 2 scrolls of revelation
 m - 3 scrolls of fog
 n - a scroll of enchant armour
 o - 3 scrolls of vulnerability
 s - 5 scrolls of enchant weapon
 F - a scroll of poison {unknown}
 K - a scroll of acquirement {unknown}
 N - a scroll of identify
Potions
 a - 5 potions of lignification
 b - 3 potions of brilliance
 e - 7 potions of curing
 f - a potion of invisibility
 p - 4 potions of mutation
 z - a potion of enlightenment
 B - 2 potions of attraction {unknown}
 I - a potion of might {unknown}
 J - a potion of ambrosia {unknown}
 M - a potion of degeneration {unknown}
 P - a potion of haste {unknown}


   Skills:
 + Level 7.8 Fighting
 + Level 6.7 Dodging
 * Level 10.5 Unarmed Combat
 - Level 2.0 Spellcasting
 + Level 11.8 Transmutations
 - Level 5.0 Ice Magic


You had 7 spell levels left.
You knew the following spells:

 Your Spells              Type           Power      Damage    Failure   Level
a - Beastly Appendage     Tmut           78%        N/A       1%          1
b - Wereblood             Tmut           39%        N/A       1%          2
c - Ice Form              Ice/Tmut       42%        N/A       7%          4

Your spell library contained the following spells:

 Spells                   Type           Power      Damage    Failure   Level
 Freeze                   Ice            100%       1d10      2%          1
 Passwall                 Tmut/Erth      16%        N/A       2%          2
 Spider Form              Tmut/Pois      20%        N/A       5%          3
 Frozen Ramparts          Ice            52%        1d8       8%          3
 Ensorcelled Hibernation  Hex/Ice        28%        N/A       11%         2
 Shock                    Conj/Air       4%         1d3       21%         1
 Hailstorm                Conj/Ice       14%        3d5       22%         3
 Swiftness                Air            1%         N/A       52%         3
 Dragon Form              Tmut           19%        N/A       80%         7
 Airstrike                Air            0%         2d(1-17)  90%         4
 Cause Fear               Hex            0%         N/A       90%         4
 Silence                  Hex/Air        0%         N/A       99%         5
 Maxwell's Capacitive Co  Air            0%         ∞         100%        8
 Dragon's Call            Summ           0%         N/A       100%        9


Dungeon Overview and Level Annotations

Branches:
Dungeon (11/15)            Temple (1/1) D:5             Orc (0/2) D:10
Ossuary (visited)           IceCv (1/1)
   Lair: D:8-11

Altars:
Ashenzari
Cheibriados
Dithmenos
Elyvilon
Fedhas
Gozag
Hepliaklqana
Kikubaaqudgha
Makhleb
Nemelex Xobeh
Okawaru
Qazlal
Ru
Sif Muna
Trog
Uskayaw
Vehumet
Wu Jian
Xom
Yredelemnul
Zin
The Shining One

Shops:
D:5 ![*   D:8 [

Annotations:
D:9 Maggie


Innate Abilities, Weirdness & Mutations

You are a creature of crystalline ice.
You have a powerful freezing melee attack.
You are amphibious.
Your maximum health is increased.
Your armour is entirely melded.
You are incapable of wielding weapons or throwing items.
((You can breathe blasts of scalding, opaque steam.))
((Your pale cyan-grey scales are hard. (AC +7)))
You cannot fit into any form of body armour.
((You are cold-blooded and may be slowed by cold attacks.))
((You are immune to the effects of steam.))


Message History

You block the harpy simulacrum's attack.
You punch the harpy simulacrum!
The harpy simulacrum vaporises!
The Council accepts your kill.
You punch the wolf simulacrum!
The wolf simulacrum vaporises!
The Council accepts your kill.
A harpy simulacrum comes into view.
You punch the harpy simulacrum!
The harpy simulacrum is severely damaged.
You block the harpy simulacrum's attack.
The harpy simulacrum claws you. The harpy simulacrum freezes you. You resist.
The harpy simulacrum claws you! The harpy simulacrum freezes you. You resist.
The harpy simulacrum claws you but does no damage.
You hit the harpy simulacrum.
The harpy simulacrum is almost destroyed.
The harpy simulacrum claws you. The harpy simulacrum freezes you. You resist.
The harpy simulacrum claws you. The harpy simulacrum freezes you. You resist.
The harpy simulacrum closely misses you.
The harpy simulacrum claws you. The harpy simulacrum freezes you. You resist.
You hit the harpy simulacrum.
The harpy simulacrum vaporises!
The Council accepts your kill.
Okay, then.
Press: ? - help, v - describe, . - travel
Here: a cane toad simulacrum (freezing vapour)
The floor.
Unknown command.
As you read the scroll of teleportation, it crumbles to dust.
You feel strangely unstable.
You block the cane toad simulacrum's attack.
The reaper hits you from afar with a +2 scythe of freezing!!
* * * LOW HITPOINT WARNING * * *
The reaper freezes you.
* * * LOW HITPOINT WARNING * * *
You feel better.
You block the cane toad simulacrum's attack.
The reaper shouts, "I have come for you, MacCMillion!"
The reaper hits you from afar with a +2 scythe of freezing!
You die...

##..##.#..#..#.#
#.#.#..#...#.##
#..##...##.###.#
...###.########~#
..§. ###≈≈≈###~##
..... #≈≈≈≈≈#~~#
#.... ≈≈≈≈≈≈~~##
..... ≈≈≈≈≈≈~~##
≈≈≈≈≈≈≈#Y#
#≈≈≈≈≈≈#Z##
###≈≈≈≈≈≈##2#
##Z##≈≈#≈≈##5#
#.2.##≈##≈#..#
#..#Z.######Z.#
#Z. ##○#.#.#...#


Z.Z #..#Z.#...# 2.5 ##..##5..## You could see a reaper, a white imp and a cane
toad simulacrum.

Vanquished Creatures
  An ice dragon (D:11)
  A two-headed ogre (D:10)
  Amaemon (D:8)
  Pikel (D:7)
  A deep elf pyromancer (D:10)
  An ice statue (IceCv)
  An orange demon (D:8)
  An ice devil (IceCv)
  A rime drake (D:11)
  A polar bear (D:11)
  2 trolls
  A merfolk (D:10)
  Prince Ribbit (D:8)
  A hornet (D:9)
  A shadow (D:10)
  A wyvern (D:9)
  A dire elephant simulacrum (IceCv)
  12 yaks
  2 harpy simulacra (IceCv)
  3 death yak simulacra (IceCv)
  2 acid dragons
  A hydra simulacrum (IceCv)
  A sky beast (D:6)
  2 ogres (D:4)
  An ice beast (D:7)
  4 black bears
  A wolf (D:11)
  2 centaurs (D:10)
  2 phantoms
  2 lemures (D:7)
  2 bullfrogs
  A kobold brigand (D:6)
  3 elf zombies (Ossuary)
  3 gnoll sergeants
  A cane toad simulacrum (IceCv)
  3 scorpions
  8 two-headed ogre simulacra (IceCv)
  11 wights
  4 elephant simulacra (IceCv)
  4 killer bees (D:9)
  2 howler monkeys (D:11)
  A human zombie (Ossuary)
  4 jellies
  4 orc priests
  9 hounds
  A gnoll bouda (D:4)
  A sleepcap (D:7)
  5 iguanas
  Natasha (thrice) (D:3)
  6 orc wizards
  5 spriggan simulacra (IceCv)
  5 troll simulacra (IceCv)
  A wolf simulacrum (IceCv)
  3 hound zombies (Ossuary)
  3 mummies (Ossuary)
  Robin (D:2)
  12 gnolls
  9 adders
  5 naga simulacra (IceCv)
  A shadow imp (D:8)
  6 white imps (IceCv)
  3 ufetubi (IceCv)
  4 adder zombies (Ossuary)
  2 worms
  3 dart slugs
  32 orcs
  6 ball pythons
  4 bats
  6 endoplasms
  5 giant cockroaches
  15 goblins
  10 hobgoblins
  2 frilled lizards
  A gnoll zombie (Ossuary)
  4 goblin zombies (Ossuary)
  4 hobgoblin zombies (Ossuary)
  18 kobolds
  4 kobold zombies (Ossuary)
  5 orc zombies (Ossuary)
  2 quokka zombies (Ossuary)
  6 rats
  4 rat zombies (Ossuary)
  A butterfly (D:5)
321 creatures vanquished.

Vanquished Creatures (others)
  A spriggan (D:10)
1 creature vanquished.

Grand Total: 322 creatures vanquished

Notes
Turn   | Place    | Note
-------+----------+-------------------------------------------
     0 | D:1      | MacCMillion the Draconian Transmuter began the quest for
                  | the Orb.
     0 | D:1      | Reached XP level 1. HP: 16/16 MP: 3/3
   384 | D:1      | Reached XP level 2. HP: 16/23 MP: 1/5
   843 | D:1      | Learned a level 2 spell: Wereblood
  1437 | D:2      | Reached XP level 3. HP: 27/29 MP: 6/6
  2427 | D:2      | Noticed Robin
  2438 | D:2      | Killed Robin
  2439 | D:2      | Reached XP level 4. HP: 16/36 MP: 5/7
  3718 | D:3      | Noticed a phantom
  3748 | D:3      | Killed a phantom
  3749 | D:3      | Reached skill level 3 in Transmutations
  3749 | D:3      | Reached XP level 5. HP: 10/42 MP: 8/8
  4035 | D:3      | Noticed Natasha
  4041 | D:3      | Killed Natasha
  4066 | D:3      | Noticed Natasha
  4233 | D:3      | Killed Natasha
  4234 | D:3      | Reached XP level 6. HP: 48/51 MP: 7/9
  4502 | D:3      | Noticed Natasha
  4507 | D:3      | Killed Natasha
  4508 | D:3      | Reached skill level 5 in Unarmed Combat
  4920 | D:4      | Learned a level 4 spell: Ice Form
  5007 | D:4      | Reached skill level 1 in Ice Magic
  5051 | D:4      | Reached skill level 4 in Transmutations
  5051 | D:4      | Your scales start taking on a pale cyan-grey colour.
  5051 | D:4      | Reached XP level 7. HP: 52/57 MP: 8/10
  5051 | D:4      | Gained mutation: You are immune to the effects of steam.
                  | [Pale Draconian growth]
  5447 | D:4      | Reached skill level 5 in Transmutations
  5980 | D:4      | Found a glowing golden altar of the Shining One.
  5980 | D:4      | Found a shimmering altar of Xom.
  6119 | D:4      | Reached XP level 8. HP: 46/63 MP: 11/11
  6733 | D:4      | Reached skill level 6 in Transmutations
  7122 | D:5      | Entered Level 5 of the Dungeon
  7398 | D:5      | Found a staircase to the Ecumenical Temple.
  7403 | Temple   | Entered the Ecumenical Temple
  7605 | Temple   | Became a worshipper of the Wu Jian Council
  7641 | D:5      | Found Bempil's Antique Armour Emporium.
  7655 | D:5      | Found Naprof's Assorted Antiques.
  7980 | D:5      | Found Xovoc's Distillery.
  7991 | D:5      | Bought a potion of curing for 30 gold pieces
  8377 | D:6      | Reached skill level 5 in Ice Magic
  8600 | D:6      | Reached skill level 7 in Transmutations
  8948 | D:6      | Reached skill level 8 in Transmutations
  9458 | D:7      | Reached * piety under Wu Jian
  9462 | D:7      | Reached XP level 9. HP: 70/70 MP: 8/12
  9544 | D:7      | Noticed Pikel
  9557 | D:7      | Killed Pikel
  9558 | D:7      | Reached skill level 9 in Transmutations
  9572 | D:7      | Found a sand-covered staircase.
  9577 | Ossuary  | Entered an ossuary
  9783 | Ossuary  | Reached skill level 10 in Transmutations
 10014 | Ossuary  | Reached ** piety under Wu Jian
 10773 | D:8      | Found Wuxapul's Armour Emporium.
 10918 | D:8      | Identified the ring "Sarchyniz" {rF+ rC++}
 11099 | D:8      | Noticed Prince Ribbit
 11110 | D:8      | Killed Prince Ribbit
 11254 | D:8      | Noticed Amaemon
 11254 | D:8      | Noticed an orange demon
 11319 | D:8      | Killed Amaemon
 11320 | D:8      | Reached XP level 10. HP: 38/80 MP: 5/13
 11599 | D:8      | Killed an orange demon
 11600 | D:8      | Reached skill level 5 in Fighting
 12223 | D:9      | Noticed Maggie
 12348 | D:9      | Reached *** piety under Wu Jian
 12489 | D:9      | Identified the +7 hand axe of the Spheres {drain, rPois rN+
                  | Will+}
 12636 | D:9      | Reached skill level 5 in Dodging
 13256 | D:10     | Entered Level 10 of the Dungeon
 13465 | D:10     | Noticed a deep elf pyromancer
 13595 | D:10     | Found a burning altar of Makhleb.
 13661 | D:10     | Reached skill level 11 in Transmutations
 13761 | D:10     | Noticed a two-headed ogre
 13828 | D:10     | Found a staircase to the Orcish Mines.
 14397 | D:10     | Reached XP level 11. HP: 91/91 MP: 10/14
 14406 | D:10     | Killed a two-headed ogre
 14602 | D:10     | Killed a deep elf pyromancer
 15045 | D:11     | Found a frozen archway.
 15051 | D:11     | Noticed an ice dragon
 15057 | D:11     | Reached **** piety under Wu Jian
 15064 | D:11     | Killed an ice dragon
 15177 | IceCv    | Entered an ice cave
 15406 | IceCv    | Reached skill level 10 in Unarmed Combat
 15500 | IceCv    | Got the Treatise on Haze
 16402 | IceCv    | Reached ***** piety under Wu Jian
 16544 | IceCv    | Noticed a reaper
 16568 | IceCv    | HP: 4/112 [reaper/+2 scythe of freezing (32)]
 16569 | IceCv    | Slain by a reaper

Illustrated notes

Levels and vault maps discovered:
D:1:      lightli_arrival_windingriver, layout_basic,
          nicolae_concentric_dashed_squares_mild,
          hangedman_abyss_or_decor_lesser_grid,
          amcnicky_mini_rare_corridor_liquid
D:2:      wad_lake_hut, layout_basic, roderic_roman_lattice,
          serial_bayou_lagoon_a, uniq_robin
D:3:      layout_loops_corners, minmay_misc_feat_four_crosses, uniq_natasha
D:4:      cheibrodos_barr_body, layout_loops_ring, minitemple
D:5:      layout_cave_pods, minmay_temple_entry_butterflies, serial_shops,
          nicolae_shop_hallway_stairs, shop, shop
D:6:      layout_basic, kennysheep_nondescript, grunt_ministairs_6,
          lemuel_flame_loot_1
D:7:      layout_rooms, enter_ossuary_2, uniq_pikel
D:8:      layout_loops_ring, serial_shops, nicolae_shop_statue_plus,
          uniq_prince_ribbit1, uniq_amaemon
D:9:      layout_loops_cross, uniq_maggie
D:10:     layout_small_grid, mainiacjoe_overflow_24_doors, orc_0_dummy,
          hangedman_stone_soup, minmay_crystal_room,
          chequers_serial_rivers_micro_b, skrybe_limestone_x
D:11:     layout_layer_cave, grunt_lair_entry_orc_guard_hut,
          portal_ice_cave_entry_animals_and_master
Temple:   nicolae_temple_bog_church
IceCv:    ice_cave_caverns_02

Skill      XL: |  1  2  3  4  5  6  7  8  9 10 11 |
---------------+----------------------------------+-----
Dodging        | 2 3 4 5 6 |  6.7
Fighting       | 2 3 4 6 7 |  7.8
Unarmed Combat | 4 5 7 9 10 | 10.5
Transmutations | 3 4 5 8 10 11 | 11.8
Ice Magic      | 2 4 5 |  5.0
Spellcasting   | |  2.0

Action                     |  1- 3 |  4- 6 |  7- 9 | 10-12 || total
---------------------------+-------+-------+-------+-------++-------
  Melee: Unarmed           |   110 |   104 |   371 |   339 ||   924
         Kick              |    22 |    26 |    52 |     2 ||   102
         Tailslap          |     9 |    10 |    33 |     1 ||    53
         Punch             |     2 |     2 |     6 |       ||    10
         Headbutt          |    11 |    21 |    31 |     3 ||    66
   Cast: Beastly Appendage |    29 |    29 |    38 |     3 ||    99
         Ice Form          |       |       |    26 |    39 ||    65
Ability: Breathe Steam     |       |       |     1 |       ||     1
         Lunge             |       |       |    42 |    50 ||    92
         Whirlwind         |       |       |    13 |    27 ||    40
  Evoke: Wand              |       |       |     3 |     1 ||     4
    Use: Scroll            |       |       |    10 |     4 ||    14
         Potion            |       |       |       |     1 ||     1
   Stab: Sleeping          |     1 |     1 |     3 |       ||     5
         Distracted        |       |       |     1 |       ||     1
 Armour: Skin              |    35 |    34 |    75 |    62 ||   206
  Dodge: Dodged            |    56 |    58 |   147 |   102 ||   363
  Block: Other             |       |     3 |    50 |    63 ||   116
         Reflection        |       |       |       |     1 ||     1

Table legend: (Time is in decaauts)
 A = Elapsed time spent in this place.
 B = Non-inter-level travel time spent in this place.
 C = Inter-level travel time spent in this place.
 D = Time resting spent in this place.
 E = Time spent auto-exploring this place.
 F = Levels seen in this place.
 G = Mean time per level.
                   A        B        C        D        E       F      G
               +--------+--------+--------+--------+--------+-----+--------+
         Total |  16527 |  16102 |    425 |   4999 |   8210 |  14 | 1180.5 |
       Dungeon |  14377 |  13984 |    393 |   4245 |   7511 |  11 | 1307.0 |
        Temple |    219 |    187 |     32 |      0 |    170 |   1 |  219.0 |
       Ossuary |    559 |    559 |      0 |     85 |    224 |   1 |  559.0 |
      Ice Cave |   1372 |   1372 |      0 |    669 |    304 |   1 | 1372.0 |
               +--------+--------+--------+--------+--------+-----+--------+

Top non-repeatable levels by time:
     D:2: 2197 daAuts
     D:4: 1735 daAuts
     D:3: 1726 daAuts
    D:10: 1566 daAuts
     D:1: 1482 daAuts
   IceCv: 1372 daAuts
     D:8: 1316 daAuts
     D:9: 1289 daAuts
     D:6: 1116 daAuts
     D:5: 884 daAuts
     D:7: 720 daAuts
 Ossuary: 559 daAuts
    D:11: 342 daAuts
  Temple: 219 daAuts
